 Dungeon Crawl Stone Soup version 0.28.0 (webtiles) character file.

Game seed: 8931620093664026323

3 zeram the Caller (level 1, -1/14 HPs)
             Began as a Merfolk Summoner on Feb 13, 2022.
             Slain by a kobold (4 damage)
             ... on level 1 of the Dungeon.
             The game lasted 00:00:21 (602 turns).

zeram the Caller (Merfolk Summoner)                  Turns: 602, Time: 00:00:22

Health: -1/14      AC:  2    Str:  8    XL:     1   Next: 50%
Magic:  1/3        EV: 12    Int: 14    God:
Gold:   10         SH:  0    Dex: 14    Spells: 3/4 levels left

rFire   . . .      SeeInvis .   (no weapon)
rCold   . . .      Faith    .   (no shield)
rNeg    . . .      Spirit   .   a - +0 robe
rPois   .          Reflect  .   (no helmet)
rElec   .          Harm     .   (no cloak)
rCorr   .          Rampage  .   (no gloves)
Will    .....                   (no boots)
Stlth   ++........              (no amulet)
HPRegen 0.04/turn               (no ring)
MPRegen 0.08/turn               (no ring)

@: no status effects
A: (nimble swimmer 2), mertail
a: no special abilities


You were on level 1 of the Dungeon.
You visited 1 branch of the dungeon, and saw 1 of its levels.

You collected 10 gold pieces.

Inventory:

Armour
 a - a +0 robe (worn)
Scrolls
 b - a scroll of identify {unknown}


   Skills:
 + Level 0.4 Fighting
 + Level 2.6 Dodging
 + Level 2.1 Stealth
 + Level 2.1 Spellcasting
 + Level 4.0 Summonings


You had 3 spell levels left.
You knew the following spells:

 Your Spells              Type           Power      Damage    Failure   Level
a - Summon Small Mammal   Summ           48%        N/A       4%          1

Your spell library contained the following spells:

 Spells                   Type           Power      Damage    Failure   Level
 Call Imp                 Summ           12%        N/A       7%          2
 Call Canine Familiar     Summ           12%        N/A       14%         3
 Summon Guardian Golem    Hex/Summ       7%         N/A       30%         3
 Summon Lightning Spire   Summ/Air       7%         N/A       71%         4


Dungeon Overview and Level Annotations

Branches:
Dungeon (1/15)

Altars:


Innate Abilities, Weirdness & Mutations

((You are very nimble when in or above water. (Stealth+, EV+, Speed+++)))
Your lower body shifts to a powerful aquatic tail in water.


Message History

A kobold comes into view.
It is wielding a +1 short sword of protection.
There is an open door here.
A kobold is nearby!
A kobold is nearby!
The kobold shouts!
The kobold closely misses you.
You barely miss the kobold.
The kobold hits you with a +1 short sword of protection.
Casting: Summon Small Mammal (safe; 4% risk of failure)
Confirm with . or Enter, or press ? or * to list all spells.
The kobold closely misses you.
Casting: Summon Small Mammal (safe; 4% risk of failure)
Confirm with . or Enter, or press ? or * to list all spells.
Your bat hits the kobold but does no damage.
The kobold barely misses you.
You barely miss the kobold. Your bat hits the kobold.
Your bat hits the kobold but does no damage.
Your bat closely misses the kobold.
The kobold hits you with a +1 short sword of protection.
Your bat closely misses the kobold.
You hit the kobold but do no damage.
The kobold is moderately wounded.
Your bat barely misses the kobold.
The kobold hits you with a +1 short sword of protection.
Your bat closely misses the kobold.
You are too injured to fight recklessly!
You are too injured to fight recklessly!
You are too injured to fight recklessly!
Unknown command.
You closely miss the kobold.
The kobold is moderately wounded.
Your bat hits the kobold but does no damage.
Your bat closely misses the kobold.
The kobold hits you with a +1 short sword of protection.
* * * LOW HITPOINT WARNING * * *
You hit the kobold but do no damage.
The kobold is moderately wounded.
Your bat closely misses the kobold.
The kobold hits you with a +1 short sword of protection.
You die...

##### ##...# ....#
#...##### ##.b.....
#..K..# #.@b# ##.##
#.# ....# #.# . #.#
##'## ##. #.. ##...##
#.. #.. ##.....## ##.#
#.. ##.......## ##..#
#..
#.........####...###..


You could see a kobold (ally target) and 2 friendly bats.

Vanquished Creatures
  A hobgoblin (D:1)
  A rat (D:1)
2 creatures vanquished.

Vanquished Creatures (collateral kills)
  An endoplasm (D:1)
1 creature vanquished.

Grand Total: 3 creatures vanquished

Notes
Turn   | Place    | Note
-------+----------+-------------------------------------------
     0 | D:1      | zeram the Merfolk Summoner began the quest for the Orb.
     0 | D:1      | Reached XP level 1. HP: 13/13 MP: 3/3
   602 | D:1      | Slain by a kobold

Illustrated notes

Levels and vault maps discovered:
D:1:      scummos_arrival_forest, layout_loops_corners

Action                   || total
-------------------------++-------
Melee: Unarmed           ||    28
       Punch             ||     2
 Cast: Summon Small Mamm ||     5
Armor: Robe              ||     5
Dodge: Dodged            ||    11
